 Dungeon Crawl Stone Soup version 0.21.1-1-g345015f (webtiles) character file.

2802 diana the Grappler (level 9, 0/103 HPs)
             Began as a Demonspawn Gladiator on June 18, 2018.
             Succumbed to a killer bee's poison
             ... on level 9 of the Dungeon.
             The game lasted 00:16:00 (6718 turns).

diana the Grappler (Demonspawn Gladiator)           Turns: 6718, Time: 00:16:01

Health: 0/103      AC: 24    Str: 16    XL:     9   Next: 44%
Magic:  9/9        EV:  2    Int: 17    God:
Gold:   355        SH:  0    Dex: 19    Spells: 8/8 levels left

rFire    . . .     SeeInvis +     - Unarmed
rCold    . . .     Gourm    .   (no shield)
rNeg     + + +     Faith    .   (armour currently unavailable)
rPois    +         Spirit   .   (helmet currently unavailable)
rElec    .         Reflect  .   (cloak currently unavailable)
rCorr    .         Harm     .   (gloves currently unavailable)
MR       .....     NoTele   +   (boots unavailable)
Stlth    +++.......             l - amulet of regeneration
HPRegen  0.27/turn              m - ring of see invisible
MPRegen  0.11/turn              (no ring)

@: brilliant, agile, lethally poisoned (0 -> -7), tree-form, berserk cooldown,
hasted and slowed, drained
A: clever 1, powered by pain 2, weak 1
a: no special abilities


You were on level 9 of the Dungeon.
You were very hungry.
You were a tree.
You visited 1 branch of the dungeon, and saw 9 of its levels.

You collected 355 gold pieces.

Inventory:

Missiles
 c - 2 throwing nets (quivered)
Armour
 n - a +0 pair of gloves (melded)
 v - a +3 leather armour (melded)
 y - a +0 large shield
Jewellery
 b - an uncursed amulet of rage
 l - an amulet of regeneration (around neck)
 m - a ring of see invisible (left branch)
 A - an uncursed ring of fire
Scrolls
 e - 5 scrolls of identify
 f - 2 scrolls of noise {unknown}
 g - a scroll of fear {unknown}
 h - 2 scrolls of amnesia {unknown}
 i - 2 scrolls of blinking {unknown}
 j - 6 scrolls of remove curse
 o - 8 scrolls of teleportation
 q - 4 scrolls of enchant armour
 s - 3 scrolls of immolation {unknown}
 w - a scroll of magic mapping {unknown}
 x - a scroll of enchant weapon {unknown}
Potions
 p - a potion of brilliance
 r - a potion of lignification
Comestibles
 a - 2 chunks of flesh
 d - 15 rations


   Skills:
 + Level 6.1(5.9) Fighting
 - Level 1.7(1.6) Throwing
 + Level 5.1(4.9) Armour
 + Level 6.0(5.8) Dodging
 * Level 8.1(7.9) Unarmed Combat


You had 8 spell levels left.
You didn't know any spells.

Dungeon Overview and Level Annotations

Branches:
Dungeon (9/15)
 Temple: D:4-7         Lair: D:8-11         Orc: D:9-12

Altars:
Dithmenos
Elyvilon
Kikubaaqudgha
Makhleb
Qazlal
Sif Muna
Trog
Xom
The Shining One


Innate Abilities, Weirdness & Mutations

((You have hooves in place of feet.))
((You are completely covered in molten scales. (AC +4, rF+)))
You sometimes gain power by taking damage.
((You have a pair of small horns on your head.))
Your mind is acute. (Int +2)
((Your flesh is cold resistant. (rC+)))
You are weak. (Str -2)


Message History

You feel sick.
You feel your anger nearly subside.
* * * LOW HITPOINT WARNING * * *
You feel sick.
You are no longer berserk.
You are exhausted.
You feel yourself slow down.
* * * LOW HITPOINT WARNING * * *
You feel sick.
Put on which piece of jewellery? (? for menu, Esc to quit)
You remove your amulet of rage.
* * * LOW HITPOINT WARNING * * *
You feel sick.
You sense that the amulet cannot attune itself to your injured body.
l - an amulet of regeneration (around neck)
* * * LOW HITPOINT WARNING * * *
You feel sick.
* * * LOW HITPOINT WARNING * * *
You feel sick.
You die...

###########
#.........# #
#......#..#.+
#.<..#.††#..#
............#♣...#
######....#.†.#..#
###.#..#..###
#...#.### ###.....
#####+


There were no monsters in sight!

Vanquished Creatures
  The ghost of Nukog the Thrower, a novice OgHu of Okawaru (D:6)
  A hornet (D:7)
  A water moccasin (D:8)
  An orc warrior (D:3)
  2 ice beasts (D:7)
  2 sky beasts
  A centaur (D:7)
  The ghost of diana the Insei, an amateur DsGl of Cheibriados (D:3)
  2 ogres
  2 bullfrogs
  A gnoll sergeant (D:7)
  2 scorpions
  2 wyvern skeletons
  3 killer bees (D:9)
  3 howler monkeys
  2 bullfrog zombies
  2 hounds
  An orc priest (D:5)
  2 orc wizards (D:7)
  2 iguanas
  4 worker ants
  19 gnolls
  A howler monkey skeleton (D:4)
  5 adders
  A shadow imp (D:6)
  An ooze (D:1)
  An adder zombie (D:8)
  3 worms
  A dart slug (D:1)
  4 leopard geckos
  21 orcs
  7 giant cockroaches
  6 goblins
  8 hobgoblins
  8 jackals
  3 quokkas
  10 bats
  4 frilled lizards
  3 kobolds
  2 rats
146 creatures vanquished.

Notes
Turn   | Place    | Note
-------+----------+-------------------------------------------
     0 | D:1      | diana the Demonspawn Gladiator began the quest for the Orb.
     0 | D:1      | Reached XP level 1. HP: 16/16 MP: 1/1
   447 | D:1      | Gained mutation: You are partially covered in molten scales. (AC +2) [demonic ancestry]
   447 | D:1      | Reached XP level 2. HP: 15/22 MP: 2/2
   681 | D:1      | Reached skill level 3 in Unarmed Combat
  1272 | D:1      | Reached skill level 1 in Armour
  1272 | D:1      | Gained mutation: You have large cloven feet. [demonic ancestry]
  1272 | D:1      | Reached XP level 3. HP: 24/28 MP: 3/3
  1935 | D:2      | Gained mutation: You sometimes gain a little power by taking damage. [demonic ancestry]
  1935 | D:2      | Reached XP level 4. HP: 24/34 MP: 4/4
  2157 | D:2      | Found a faded altar of an unknown god.
  2395 | D:2      | Gained mutation: You have hoof-like feet. [demonic ancestry]
  2395 | D:2      | Reached XP level 5. HP: 23/40 MP: 5/5
  2440 | D:3      | Reached skill level 4 in Unarmed Combat
  2567 | D:3      | Found a white marble altar of Elyvilon.
  2623 | D:3      | Found a bloodstained altar of Trog.
  2766 | D:3      | Noticed diana's ghost (amateur DsGl)
  2784 | D:3      | Killed diana's ghost
  2784 | D:3      | Gained mutation: You sometimes gain power by taking damage. [demonic ancestry]
  2784 | D:3      | Reached XP level 6. HP: 13/47 MP: 6/6
  3279 | D:4      | Found a glowing golden altar of the Shining One.
  3285 | D:4      | Found a shimmering altar of Xom.
  3403 | D:4      | Noticed an orc warrior
  3427 | D:4      | Gained mutation: Your mind is acute. (Int +2) [potion of mutation]
  3427 | D:4      | Gained mutation: You are weak. (Str -2) [potion of mutation]
  3427 | D:4      | Gained mutation: Your flesh is cold resistant. (rC+) [potion of mutation]
  3427 | D:4      | Gained mutation: You have a pair of small horns on your head. [potion of mutation]
  3506 | D:3      | Killed an orc warrior
  3710 | D:4      | Found a shadowy altar of Dithmenos.
  3766 | D:4      | Reached skill level 5 in Unarmed Combat
  3790 | D:4      | Gained mutation: You are mostly covered in molten scales. (AC +3) [demonic ancestry]
  3790 | D:4      | Reached XP level 7. HP: 52/53 MP: 7/7
  4262 | D:5      | Entered Level 5 of the Dungeon
  4564 | D:5      | Found an ancient bone altar of Kikubaaqudgha.
  4683 | D:5      | Found a stormy altar of Qazlal.
  4952 | D:6      | Noticed Nukog's ghost (novice OgHu)
  5016 | D:6      | Killed Nukog's ghost
  5016 | D:6      | Reached skill level 6 in Unarmed Combat
  5016 | D:6      | Gained mutation: You are completely covered in molten scales. (AC +4, rF+) [demonic ancestry]
  5016 | D:6      | Reached XP level 8. HP: 44/61 MP: 8/8
  5294 | D:6      | Noticed a two-headed ogre
  5330 | D:7      | Reached skill level 5 in Dodging
  5375 | D:7      | Found a burning altar of Makhleb.
  5408 | D:7      | Reached skill level 5 in Fighting
  5458 | D:7      | Noticed a hornet
  5461 | D:7      | Paralysed by a hornet for 2 turns
  5466 | D:7      | Paralysed by a hornet for 3 turns
  5470 | D:7      | HP: 1/62 [hornet (7)]
  5472 | D:7      | Paralysed by a hornet for 1 turns
  5475 | D:7      | Killed a hornet
  5475 | D:7      | Reached skill level 7 in Unarmed Combat
  5479 | D:7      | Found a deep blue altar of Sif Muna.
  5646 | D:7      | Gained mutation: You have hooves in place of feet. [demonic ancestry]
  5646 | D:7      | Reached XP level 9. HP: 45/68 MP: 9/9
  6552 | D:8      | Reached skill level 5 in Armour
  6694 | D:9      | Reached skill level 8 in Unarmed Combat
  6710 | D:9      | HP: 7/154 [poisoned by a killer bee]
  6713 | D:9      | HP: 3/103 [poisoned by a killer bee]
  6717 | D:9      | HP: 1/103 [poisoned by a killer bee]
  6718 | D:9      | Succumbed to a killer bee's poison

Skill      XL: |  1  2  3  4  5  6  7  8  9 |
---------------+----------------------------+-----
Unarmed Combat | 3 4 5 6 7 8 |  8.1
Armour         | 1 2 3 4 5 |  5.1
Dodging        | 3 4 5 6 |  6.0
Fighting       | 3 4 5 6 |  6.1
Throwing       | |  1.7

Action                   |  1- 3 |  4- 6 |  7- 9 || total
-------------------------+-------+-------+-------++-------
Melee: Unarmed           |    83 |   246 |   270 ||   599
       Punch             |     2 |     6 |     5 ||    13
       Kick              |    11 |    69 |    81 ||   161
       Headbutt          |       |     9 |    45 ||    54
Throw: Throwing net      |       |     2 |     2 ||     4
 Abil: Evoke Berserk Rag |       |       |     1 ||     1
  Use: Scroll            |     2 |       |     6 ||     8
       Potion            |       |     3 |    11 ||    14
 Stab: Held in net/web   |       |     1 |       ||     1
  Eat: Chunk             |     3 |     2 |    10 ||    15
       Ration            |       |     1 |       ||     1
Armor: Leather armour    |    13 |    60 |    99 ||   172
       Skin              |       |       |    22 ||    22
Dodge: Dodged            |    60 |   135 |   204 ||   399
